 Dungeon Crawl Stone Soup version 0.22-a0-179-gb5258fd (webtiles) character file.

102 wolfsongas the Ducker (level 4, -1/38 HPs)
             Began as a Gnoll Wanderer on Feb 13, 2018.
             Killed by divine providence
             ... invoked by an orc priest
              (10 damage)
             ... on level 6 of the Dungeon.
             The game lasted 00:04:49 (1964 turns).

wolfsongas the Ducker (Gnoll Wanderer)              Turns: 1964, Time: 00:04:50

Health: -1/38      AC:  6    Str: 16    XL:     4   Next: 78%
Magic:  5/5        EV: 14    Int: 15    God:
Gold:   58         SH:  4    Dex: 13    Spells: 5/5 levels left

rFire    . . .     SeeInvis .   a - +4 quarterstaff
rCold    . . .     Gourm    .   (shield currently unavailable)
rNeg     . . .     Faith    .   c - +0 ring mail
rPois    .         Spirit   .   (no helmet)
rElec    .         Reflect  +   j - scarf {repulsion}
rCorr    .         Harm     .   (no gloves)
MR       .....                  e - +0 pair of boots
Stlth    +.........             l - +4 amulet of reflection
HPRegen  0.12/turn              h - ring of flight
MPRegen  0.09/turn              (no ring)

@: repel missiles
A: distributed training, fangs 1, strong nose
a: Evoke Flight


You were on level 6 of the Dungeon.
You were not hungry.

You visited 1 branch of the dungeon, and saw 4 of its levels.

You collected 58 gold pieces.

Inventory:

Hand Weapons
 a - a +4 quarterstaff (weapon)
Armour
 c - a +0 ring mail (worn)
 e - a +0 pair of boots (worn)
 j - a scarf of repulsion (worn)
Jewellery
 h - a ring of flight (left hand)
 l - a +4 amulet of reflection (around neck)
Wands
 o - a wand of flame (16)
Scrolls
 b - a scroll of teleportation
Potions
 f - 2 potions of cancellation
 i - a potion of brilliance
 k - a potion of lignification {unknown}
 m - a potion of flight {unknown}
 n - a potion of heal wounds {unknown}
 p - a potion of magic {unknown}
Comestibles
 d - 7 rations
 g - a chunk of flesh


   Skills:
 + Level 4.7 Fighting
 + Level 1.2 Short Blades
 + Level 1.2 Long Blades
 + Level 1.2 Axes
 + Level 1.2 Maces & Flails
 + Level 1.2 Polearms
 + Level 4.7 Staves
 + Level 1.2 Slings
 + Level 1.2 Bows
 + Level 1.2 Crossbows
 + Level 1.2 Throwing
 + Level 2.8 Armour
 + Level 6.6 Dodging
 + Level 2.6 Stealth
 + Level 2.8 Shields
 + Level 1.2 Unarmed Combat
 + Level 1.2 Spellcasting
 + Level 1.0 Conjurations
 + Level 1.0 Hexes
 + Level 1.0 Charms
 + Level 1.0 Summonings
 + Level 1.0 Necromancy
 + Level 1.0 Translocations
 + Level 1.0 Transmutations
 + Level 1.0 Fire Magic
 + Level 1.0 Ice Magic
 + Level 1.0 Air Magic
 + Level 1.0 Earth Magic
 + Level 1.0 Poison Magic
 + Level 1.3 Invocations
 + Level 1.2 Evocations


You had 5 spell levels left.
You didn't know any spells.

Dungeon Overview and Level Annotations

Branches:
Dungeon (3/15)

Altars:
Elyvilon
Nemelex Xobeh
Trog
Vehumet
Wu Jian
Xom
Zin


Innate Abilities, Weirdness & Mutations

Your experience applies equally to all skills.
You have very sharp teeth.
Your uncanny sense of smell can sniff out nearby items.


Message History

The leopard gecko misses you.
The leopard gecko bites you but does no damage.
As you read the scroll of fog, it crumbles to dust.
The scroll dissolves into smoke.
The orc hits you but does no damage. The leopard gecko closely misses you.
The orc shouts!
The leopard gecko misses you. The orc hits you but does no damage.
The orc priest invokes the aid of Beogh against you.
Pain shoots through your body!
* * * LOW HITPOINT WARNING * * *
The orc closely misses you. The orc priest completely misses you.
You block the leopard gecko's attack. The orc misses you.
The orc priest closely misses you. The leopard gecko closely misses you.
You block the orc's attack. The orc misses you.
You hit the orc.
The orc is lightly wounded.
The orc priest invokes the aid of Beogh against you.
Beogh smites you!
You die...

..........##.####.....##.#
.###................#.##.###
#......##.#####..#......#
.....o.....# #.......#.#
.##.#...#.### #.#####.#.#
#.#...#.## #.......#.#
........o# #########.#
.........####### #.#
#.........#o@l§.# #.#
####......§§oo§§# #.#
#......§§§§§§# ######.#
#.....>.§§§§§# #.....(#
##.#...#.§§§§# #.######
##.########### #.# #. ####
#.# #. ..# ######.# # #. #.#
#......#


You could see an orc priest, 2 orcs and a leopard gecko.

Vanquished Creatures
  A howler monkey zombie (D:6)
  3 adders
  2 worms
  6 leopard geckos
  6 orcs (D:3)
  A ball python (D:2)
  4 goblins
  6 hobgoblins
  3 kobolds
  A quokka (D:3)
  4 bats
  5 frilled lizards
  5 rats
47 creatures vanquished.

Notes
Turn   | Place    | Note
-------+----------+-------------------------------------------
     0 | D:1      | wolfsongas the Gnoll Wanderer began the quest for the Orb.
     0 | D:1      | wolfsongas set off with: a +2 quarterstaff, a scroll of teleportation, a +0 ring mail, a ration
     0 | D:1      | Reached XP level 1. HP: 20/20 MP: 1/1
    80 | D:1      | Reached XP level 2. HP: 19/26 MP: 2/2
   682 | D:2      | Reached XP level 3. HP: 28/31 MP: 3/3
   962 | D:2      | Found an ornate altar of the Wu Jian Council.
   969 | D:2      | Found a white marble altar of Elyvilon.
   974 | D:2      | Found a glowing silver altar of Zin.
   981 | D:2      | Found a shimmering altar of Xom.
   988 | D:2      | Found a sparkling altar of Nemelex Xobeh.
   996 | D:2      | Found a bloodstained altar of Trog.
  1003 | D:2      | Found a radiant altar of Vehumet.
  1301 | D:2      | Reached skill level 1 in Invocations
  1437 | D:3      | Reached skill level 1 in Short Blades
  1437 | D:3      | Reached skill level 1 in Long Blades
  1437 | D:3      | Reached skill level 1 in Axes
  1437 | D:3      | Reached skill level 1 in Maces & Flails
  1437 | D:3      | Reached skill level 1 in Polearms
  1437 | D:3      | Reached skill level 1 in Slings
  1437 | D:3      | Reached skill level 1 in Bows
  1437 | D:3      | Reached skill level 1 in Crossbows
  1437 | D:3      | Reached skill level 1 in Throwing
  1437 | D:3      | Reached skill level 1 in Unarmed Combat
  1437 | D:3      | Reached skill level 1 in Spellcasting
  1437 | D:3      | Reached skill level 1 in Evocations
  1479 | D:3      | Reached XP level 4. HP: 33/38 MP: 5/5
  1832 | D:3      | You fall through a shaft for 3 floors!
  1882 | D:6      | Reached skill level 1 in Conjurations
  1882 | D:6      | Reached skill level 1 in Hexes
  1882 | D:6      | Reached skill level 1 in Charms
  1882 | D:6      | Reached skill level 1 in Summonings
  1882 | D:6      | Reached skill level 1 in Necromancy
  1882 | D:6      | Reached skill level 1 in Translocations
  1882 | D:6      | Reached skill level 1 in Transmutations
  1882 | D:6      | Reached skill level 1 in Fire Magic
  1882 | D:6      | Reached skill level 1 in Ice Magic
  1882 | D:6      | Reached skill level 1 in Air Magic
  1882 | D:6      | Reached skill level 1 in Earth Magic
  1882 | D:6      | Reached skill level 1 in Poison Magic
  1964 | D:6      | Killed from afar by an orc priest

Vault maps used:
D:1:      minmay_arrival_jagged
D:2:      grunt_temple_overflow_octagram
D:6:      uniq_menkaure

Skill      XL: |  1  2  3  4 |
---------------+-------------+-----
Invocations    | 1 |  1.3
Short Blades   | 1 |  1.2
Long Blades    | 1 |  1.2
Axes           | 1 |  1.2
Maces & Flails | 1 |  1.2
Polearms       | 1 |  1.2
Slings         | 1 |  1.2
Bows           | 1 |  1.2
Crossbows      | 1 |  1.2
Throwing       | 1 |  1.2
Unarmed Combat | 1 |  1.2
Spellcasting   | 1 |  1.2
Evocations     | 1 |  1.2
Conjurations   | 1 |  1.0
Hexes          | 1 |  1.0
Charms         | 1 |  1.0
Summonings     | 1 |  1.0
Necromancy     | 1 |  1.0
Translocations | 1 |  1.0
Transmutations | 1 |  1.0
Fire Magic     | 1 |  1.0
Ice Magic      | 1 |  1.0
Air Magic      | 1 |  1.0
Earth Magic    | 1 |  1.0
Poison Magic   | 1 |  1.0
Fighting       | |  4.7
Staves         | |  4.7
Armour         | |  2.8
Dodging        | |  6.6
Stealth        | |  2.6
Shields        | |  2.8

Action                   |  1- 3 |  4- 6 || total
-------------------------+-------+-------++-------
Melee: Quarterstaff      |    98 |    37 ||   135
       Bite              |    14 |     1 ||    15
  Use: Scroll            |     7 |     4 ||    11
 Stab: Sleeping          |     3 |       ||     3
  Eat: Chunk             |     2 |     1 ||     3
Armor: Ring mail         |    35 |     9 ||    44
Dodge: Dodged            |    68 |    34 ||   102
Block: Other             |    13 |     6 ||    19

Table legend:
 A = Spawn XP
 B = Non-spawn XP
 C = Spawn XP percentage of total XP
 D = Spawn monster count
 E = Non-spawn monster count
 F = Spawn count percentage of total count
 G = Total turns spent on level
                    A         B        C        D         E        F      G
               +---------+---------+-------+---------+---------+-------+---------
         Total |       0 |     147 |   0.0 |       0 |      47 |   0.0 |  1964
               +---------+---------+-------+---------+---------+-------+---------
           D:1 |       0 |      25 |   0.0 |       0 |      16 |   0.0 |   524
           D:2 |       0 |      39 |   0.0 |       0 |      12 |   0.0 |   890
           D:3 |       0 |      67 |   0.0 |       0 |      18 |   0.0 |   418
           D:6 |       0 |      16 |   0.0 |       0 |       1 |   0.0 |   132
               +---------+---------+-------+---------+---------+-------+---------
